Map: Bel'Shir Vestige LE (Void)

Players

TRUE

  • Race: Zerg Zerg
  • Spawn Location: 5:00

Serral - Winner!

  • Race: Zerg Zerg
  • Spawn Location: 11:00

Event: IEM XI Katowice - World Championship 2017

VOD

Have the link to the VOD?

Description

Time

  • Played on: March 3, 2017, 9:24 a.m.
  • Length: 11:07

All games in this series

Show
View Real Time Build Order
Export as new Build Order

TRUE Zerg 

Build Orders: Hatch First 

Get SALT Encoding   

  12  0:00  Drone  
  13  0:13  Overlord  
  13  0:17  Drone  
  14  0:33  Drone x2  
  14  0:35  Drone  
  17  0:53  Hatchery  
  17  0:55  Drone  
  17  1:09  Spawning Pool  
  17  1:10  Extractor  
  15  1:12  Drone  
  16  1:20  Drone x2  
  18  1:29  Drone  
  19  1:39  Overlord  
  19  1:55  Queen  
  21  2:05  Queen  
  23  2:09  Drone x2  
  23  2:10  Drone  
  23  2:12  Metabolic Boost, Drone  
  23  2:15  Drone  
  28  2:22  Zergling x2  
  29  2:26  Zergling x2  
  30  2:33  Drone  
  31  2:37  Drone  
  32  2:45  Hatchery  
  32  2:50  Baneling Nest  
  30  2:51  Zergling x2  
  30  2:52  Zergling x2  
  30  2:54  Zergling x2  
  33  2:59  Zergling x2  
  33  3:04  Overlord  
  33  3:07  Zergling x4  
  36  3:23  Zergling x8  
  36  3:24  Zergling x4  
  42  3:29  Zergling x2  
  42  3:31  Zergling x2  
  44  3:37  Overlord  
  44  3:40  Roach Warren  
  41  3:52  Zergling x6  
  41  3:53  Zergling x2, Overlord  
  41  3:55  Zergling x2  
  43  3:57  Zergling x2  
  43  3:58  Zergling x2  
  45  4:06  Zergling x4  
  45  4:08  Zergling x4  
  45  4:09  Zergling x4  
  48  4:14  Zergling x2  
  44  4:17  Zergling x2  
  44  4:21  Roach  
  47  4:24  Roach  
  47  4:27  Roach  
  47  4:29  Roach  
  51  4:36  Roach  
  51  4:39  Roach  
  51  4:40  Roach  
  55  4:46  Roach  
  55  4:49  Roach x2  
  55  4:50  Roach  
  61  4:54  Roach  
  63  5:02  Roach  
  63  5:13  Roach  
  65  5:16  Zergling x2  
  65  5:17  Overlord  
  65  5:19  Overlord  
  65  5:20  Overlord  
  66  5:24  Overlord  
  66  5:32  Overlord  
  66  5:35  Overlord  
  65  5:36  Zergling x2  
  65  5:39  Roach  
  68  5:43  Roach  
  68  5:48  Roach  
  72  5:51  Roach  
  73  5:58  Roach  
  65  6:06  Roach  
  59  6:13  Zergling x14  
  59  6:16  Zergling x2  
  60  6:19  Zergling x2  
  60  6:21  Zergling x2  
  60  6:25  Zergling x2  
  53  6:27  Zergling x2  
  53  6:28  Zergling x2  
  51  6:36  Roach x2  
  51  6:39  Roach  
  57  6:46  Roach  
  59  6:53  Roach  
  61  6:58  Zergling x10  
  66  7:07  Zergling x4  
  66  7:08  Zergling x2  
  69  7:10  Zergling x4  
  69  7:13  Zergling x2  
  72  7:17  Zergling x2  
  72  7:20  Zergling x2  
  74  7:27  Zergling x6  
  77  7:33  Zergling x4  
  77  7:35  Zergling x2  
  73  7:44  Zergling x4  
  73  7:45  Zergling x2  
  70  7:52  Roach x2  
  70  7:55  Roach  
  66  8:02  Roach  
  66  8:03  Roach  
  58  8:06  Roach  
  58  8:12  Roach  
  60  8:15  Roach  
  60  8:17  Roach  
  64  8:25  Roach  
  66  8:34  Roach  
  66  8:39  Drone  
  66  8:40  Drone x5  
  74  8:43  Drone  
  74  8:47  Drone  
  75  8:49  Drone  
  76  8:58  Drone x3  
  76  9:01  Extractor  
  78  9:03  Drone  
  78  9:04  Drone  
  78  9:07  Drone  
  78  9:08  Drone  
  82  9:13  Extractor  
  82  9:16  Drone x2  
  80  9:19  Drone  
  80  9:23  Drone  
  80  9:27  Drone  
  80  9:30  Drone  
  82  9:34  Queen  
  82  9:38  Queen x2  
  86  9:56  Drone  
  86  9:57  Drone x6  
  86  10:09  Drone x4  
  90  10:15  Evolution Chamber  
  89  10:30  Roach x5  
  89  10:31  Roach  
  89  10:34  Roach  
  103  10:37  Roach  
  105  10:47  Roach  
Show
View Real Time Build Order
Export as new Build Order

Serral Zerg - Winner!

Build Orders: Hatch First, Zergling Baneling 

Get SALT Encoding   

  12  0:00  Drone  
  13  0:12  Overlord  
  13  0:17  Drone  
  14  0:30  Drone x2  
  14  0:34  Drone  
  17  0:52  Hatchery  
  17  0:54  Drone  
  17  0:57  Drone  
  17  1:01  Extractor  
  17  1:12  Spawning Pool  
  17  1:15  Drone  
  17  1:18  Drone  
  18  1:28  Drone  
  19  1:38  Overlord  
  19  1:59  Queen  
  19  2:00  Zergling x4  
  23  2:04  Metabolic Boost, Queen  
  23  2:07  Drone  
  26  2:11  Drone  
  26  2:15  Drone  
  28  2:21  Drone  
  29  2:26  Drone  
  30  2:32  Drone  
  31  2:38  Hatchery  
  30  2:45  Queen  
  32  2:51  Baneling Nest  
  32  2:53  Drone  
  31  2:59  Drone  
  31  3:00  Drone  
  31  3:05  Overlord  
  33  3:06  Zergling x2  
  33  3:07  Zergling x2  
  35  3:14  Zergling x2  
  35  3:17  Overlord  
  36  3:27  Overlord  
  36  3:29  Zergling x6  
  36  3:30  Drone x2  
  41  3:34  Baneling x2  
  41  3:35  Baneling x2  
  41  3:38  Zergling x2  
  42  3:43  Zergling x6  
  41  3:53  Zergling x8  
  42  4:03  Zergling x4  
  42  4:04  Zergling x4  
  43  4:13  Zergling x6  
  43  4:17  Zergling x2  
  43  4:18  Zergling x6  
  43  4:19  Baneling x2  
  43  4:23  Drone  
  47  4:35  Drone x2  
  47  4:37  Roach Warren  
  47  4:39  Baneling x2  
  47  4:40  Drone  
  47  4:42  Drone  
  49  4:48  Drone x2  
  49  4:52  Zergling x4  
  51  4:57  Overlord  
  51  4:59  Zergling x2  
  52  5:02  Zergling x4  
  53  5:19  Roach x4  
  59  5:23  Zergling x4  
  59  5:24  Zergling x6  
  63  5:30  Zergling x4, Roach  
  63  5:33  Overlord  
  66  5:37  Zergling x4  
  70  5:43  Roach  
  70  5:50  Zergling x6  
  73  5:58  Overlord  
  73  5:59  Zergling x2  
  73  6:00  Zergling x10  
  73  6:04  Roach  
  76  6:09  Zergling x6  
  74  6:15  Zergling x2  
  65  6:18  Drone  
  65  6:20  Drone  
  65  6:25  Drone  
  64  6:30  Roach  
  64  6:31  Roach  
  68  6:36  Drone  
  69  6:40  Extractor  
  69  6:41  Drone x2  
  69  6:46  Roach  
  72  6:51  Drone  
  72  6:52  Roach  
  75  7:00  Roach  
  77  7:01  Overlord  
  77  7:02  Overlord  
  76  7:12  Roach x2  
  78  7:19  Overlord  
  78  7:20  Zergling x4, Roach x2  
  84  7:23  Queen x3  
  84  7:26  Zergling x6  
  93  7:32  Zergling x2, Roach x2  
  98  7:39  Zergling x4  
  98  7:40  Zergling x2  
  95  7:45  Zergling x6  
  87  7:59  Zergling x6  
  87  8:00  Zergling x12  
  88  8:09  Evolution Chamber  
  88  8:10  Zergling x2  
  88  8:11  Zergling x4  
  88  8:22  Roach x3  
  88  8:25  Drone  
  88  8:26  Extractor, Drone  
  95  8:28  Drone  
  95  8:31  Drone  
  95  8:32  Drone  
  99  8:37  Zerg Missile Weapons Level 1  
  97  8:47  Roach  
  97  8:48  Roach x3  
  103  8:53  Baneling x3  
  103  8:54  Baneling  
  103  9:00  Drone x2  
  103  9:01  Drone  
  103  9:02  Extractor, Drone  
  106  9:09  Lair  
  106  9:10  Drone x2  
  106  9:11  Roach  
  106  9:12  Overlord  
  106  9:15  Roach  
  111  9:30  Drone x4  
  111  9:35  Extractor  
  111  9:37  Roach x4  
  118  9:40  Overlord x2  
  118  9:43  Overlord  
  118  9:45  Drone x2  
  120  9:46  Drone  
  120  9:47  Drone  
  120  9:50  Overlord  
  121  9:53  Overlord  
  121  9:59  Drone x2  
  122  10:00  Drone x2  
  122  10:06  Roach x3  
  127  10:10  Baneling  
  127  10:15  Extractor  
  127  10:16  Overseer  
  127  10:17  Overlord x2  
  127  10:20  Roach  
  128  10:29  Roach x5  
  128  10:33  Drone x3  
  128  10:35  Overlord  
  141  10:42  Roach  

Tags
 
Add a new tag
Caveats
  • Supply blocks, unpowered buildings, or Contaminate may cause inaccurate times.
  • Supply counts are checked every 10 seconds.